 Dungeon Crawl Stone Soup version 0.30-a0-777-ga9a30cbeda (webtiles) character file.

Game seed: 13598888205772141414

75 mopl the Chopper (level 4, 0/34 HPs)
             Began as a Formicid Warper on Feb 14, 2023.
             Slain by Crazy Yiuf
             ... wielding a +2 quarterstaff of chaos
              (10 damage)
             ... on level 2 of the Dungeon.
             The game lasted 00:02:04 (1652 turns).

mopl the Chopper (Formicid Warper)                  Turns: 1652, Time: 00:02:05

Health: 0/34       AC: 11    Str: 23    XL:     4   Next: 55%
Magic:  7/7        EV:  7    Int: 13    God:
Gold:   125        SH:  0    Dex: 13    Spells: 7/7 levels left

rFire   . . .      SeeInvis +    j - +0 short sword (venom)
rCold   . . .      Faith    .    (no shield)
rNeg    . . .      Spirit   .    f - +0 plate armour
rPois   +          Reflect  .    (helmet unavailable)
rElec   .          Harm     .    h - +0 cloak
rCorr   +          Rampage  .    (no gloves)
Will    .....                    (no boots) Stlth
                                 (no amulet)
HPRegen 0.25/turn                q - ring "Xyekaocw" {rPois rCorr Str+6}
MPRegen 0.10/turn                (no ring)

@: no status effects
A: permanent stasis, dig shafts and tunnels, antennae 3, four strong arms
a: Dig, Shaft Self


You were on level 2 of the Dungeon.
You visited 1 branch of the dungeon, and saw 2 of its levels.

You collected 125 gold pieces.

Inventory:

Hand Weapons
 a - a +0 hand axe
 j - a +0 short sword of venom (weapon)
Missiles
 d - 7 boomerangs of dispersal
 e - 5 boomerangs (quivered)
Armour
 f - a +0 plate armour (worn)
 h - a +0 cloak (worn)
Magical Staves
 n - a staff of air
Jewellery
 q - the ring "Xyekaocw" (left hand) {rPois rCorr Str+6}
   (You found it on level 2 of the Dungeon)

   [ring of strength]

   Str:       It affects your strength (+6).
   rPois:     It protects you from poison.
   rCorr:     It protects you from acid and corrosion.
Scrolls
 b - a scroll of enchant armour {unknown}
 c - a scroll of blinking
 i - 3 scrolls of teleportation {unknown}
 m - a scroll of fear {unknown}
 o - a scroll of noise {unknown}
 p - 3 scrolls of brand weapon {unknown}
 u - a scroll of magic mapping {unknown}
Potions
 g - a potion of heal wounds {unknown}
 k - 2 potions of curing {unknown}
 l - 2 potions of mutation {unknown}
 r - a potion of lignification {unknown}
 s - a potion of ambrosia {unknown}
 t - a potion of haste {unknown}


   Skills:
 + Level 2.6 Fighting
 * Level 3.6 Axes
 - Level 1.0 Throwing
 + Level 1.8 Armour
 + Level 1.8 Dodging
 - Level 2.1 Spellcasting
 - Level 3.0 Translocations


You had 7 spell levels left.
You didn't know any spells.
Your spell library contained the following spells:

 Spells                   Type           Power      Damage    Failure   Level
 Lesser Beckoning         Tloc           18%        N/A       94%         2
 Teleport Other           Tloc           9%         N/A       99%         3
 Kindle Blastsparks       Fire/Tloc/Air  8%         2d10      100%        3
 Vhi's Electric Charge    Tloc/Air       10%        N/A       100%        3
 Fulminant Prism          Conj/Hex       0%         3d5       100%        4
 Iskenderun's Mystic Bla  Conj/Tloc      5%         2d3       100%        4
 Manifold Assault         Tloc           9%         N/A       100%        4
 Lee's Rapid Deconstruct  Erth           0%         3d4*      100%        5
 Blink                    Tloc           Unusable   N/A       N/A         2

Dungeon Overview and Level Annotations

Branches:
Dungeon (2/15)

Altars:

Annotations:
D:2 Crazy Yiuf


Innate Abilities, Weirdness & Mutations

You cannot be hasted, slowed, berserked, paralysed or teleported.
You can dig through walls and to a lower floor.
You have a pair of large antennae on your head. (SInv)
Your four strong arms can wield two-handed weapons with a shield.


Message History

You see here a +0 mace.
As you open the door, it creaks loudly!
There is an open door here.
There is an open door here.
Found a hammer.
Found a hammer.
You see here a +0 hammer.
You see here a +0 hammer.
Found two hammers.
Found a runed translucent door.
You sense a monster nearby.
You see here a +0 hammer.
Crazy Yiuf whimpers, "Tosser rumpyflump sow!"
You see here a +0 hammer.
You see here a +0 hammer.
You see here a +0 hammer.
There is an open door here.
As you open the door, it creaks loudly!
There is an open door here.
There is an open door here.
There is an open door here.
There is an open door here.
There is an open door here.
You see here a +0 hammer.
You see here a +0 hammer.
Crazy Yiuf shouts!
You see here a +0 hammer.
No reachable target in view!
You open the door. You closely miss Crazy Yiuf.
Crazy Yiuf hits you with a +2 quarterstaff of chaos!
Space warps around you.
You hit Crazy Yiuf but do no damage.
Crazy Yiuf is poisoned.
Crazy Yiuf hits you with a +2 quarterstaff of chaos!
* * * LOW HITPOINT WARNING * * *
You are too injured to fight recklessly!
You are too injured to fight recklessly!
You hit Crazy Yiuf but do no damage.
Crazy Yiuf looks as sick as possible!
Crazy Yiuf is lightly wounded.
Crazy Yiuf hits you with a +2 quarterstaff of chaos!
You die...

################'##..##.....##.#.
.....................##.....'..#.
################.##.###.....##.#.
........# ###### ##...###.#.
........# #..)..>.#. #########
###.##..#. ...## ###### ###
#.##..#. ##..###....## ###..)#
#.##..## ##.......PP####@g...#
#.##..## #####...PP)#.)##...#
#.##.... ##...)#.### ### #.#..)..
######## #.##.... #.......
####################..#.
#..#....................
##.#........#.######..#.
#..###+###.#...........


You could see Crazy Yiuf (extremely poisoned).

Vanquished Creatures
  Terence (D:2)
  2 dart slugs (D:1)
  2 bats
  5 endoplasms
  3 giant cockroaches
  2 goblins (D:1)
  5 hobgoblins
  7 kobolds
  2 quokkas (D:1)
  7 ball pythons
  4 frilled lizards
  2 rats
42 creatures vanquished.

Notes
Turn   | Place    | Note
-------+----------+-------------------------------------------
     0 | D:1      | mopl the Formicid Warper began the quest for the Orb.
     0 | D:1      | Reached XP level 1. HP: 16/16 MP: 3/3
    92 | D:1      | Reached XP level 2. HP: 21/22 MP: 5/5
   371 | D:1      | Reached skill level 3 in Translocations
   371 | D:1      | Found a faded altar of an unknown god.
   512 | D:1      | Reached XP level 3. HP: 19/27 MP: 6/6
   520 | D:1      | Reached skill level 3 in Axes
   969 | D:2      | Noticed Terence
   982 | D:2      | Killed Terence
   983 | D:2      | Reached XP level 4. HP: 33/34 MP: 7/7
  1114 | D:2      | Identified the ring "Xyekaocw" {rPois rCorr Str+6}
  1483 | D:2      | Found a runed translucent door.
  1484 | D:2      | Noticed Crazy Yiuf
  1652 | D:2      | Slain by Crazy Yiuf

Illustrated notes

Levels and vault maps discovered:
D:1:      minmay_arrival_three_doors, layout_basic,
          chequers_ecumenical_altar_simple_redux, kennysheep_crisscross,
          minivault_27, hex_large, st_stairs_5
D:2:      layout_basic, chequers_arboretum, uniq_crazy_yiuf_cottage,
          uniq_terence

Skill      XL: |  1  2  3 |
---------------+----------+-----
Translocations | 3 |  3.0
Axes           | 3 |  3.6
Fighting       | |  2.6
Throwing       | |  1.0
Armour         | |  1.8
Dodging        | |  1.8
Spellcasting   | |  2.1

Action                     |  1- 3 |  4- 6 || total
---------------------------+-------+-------++-------
  Melee: Hand axe          |    55 |       ||    55
         Short sword       |    46 |    44 ||    90
 Armour: Leather armour    |     6 |       ||     6
         Plate armour      |    76 |    21 ||    97
  Dodge: Dodged            |    28 |    13 ||    41

Table legend: (Time is in decaauts)
 A = Elapsed time spent in this place.
 B = Non-inter-level travel time spent in this place.
 C = Inter-level travel time spent in this place.
 D = Time resting spent in this place.
 E = Time spent auto-exploring this place.
 F = Levels seen in this place.
 G = Mean time per level.
                   A        B        C        D        E       F      G
               +--------+--------+--------+--------+--------+-----+--------+
         Total |   1659 |   1629 |     30 |      0 |   1262 |   2 |  829.5 |
       Dungeon |   1659 |   1629 |     30 |      0 |   1262 |   2 |  829.5 |
               +--------+--------+--------+--------+--------+-----+--------+

Top non-repeatable levels by time:
     D:1: 942 daAuts
     D:2: 717 daAuts
